 Dungeon Crawl Stone Soup version 0.23-a0-208-gb6b040f (webtiles) character file.

45096 b5mith the Warrior (level 13, -6/136 HPs)
             Began as a Minotaur Berserker on Sept 24, 2018.
             Was the Champion of Trog.
             Mangled by a two-headed ogre
             ... wielding a +0 great mace of draining
              (25 damage)
             ... on level 15 of the Dungeon.
             The game lasted 00:33:30 (15220 turns).

b5mith the Warrior (Minotaur Berserker)            Turns: 15220, Time: 00:33:30

Health: -6/136     AC: 14    Str: 30    XL:     13   Next: 99%
Magic:  4/4        EV: 13    Int:  5    God:    Trog [******]
Gold:   701        SH:  0    Dex: 13    Spells: 12/12 levels left

rFire    + . .     SeeInvis .   n - +2 great mace (antimagic)
rCold    . . .     Gourm    .   (shield currently unavailable)
rNeg     . . .     Faith    .   v - +0 ring mail "Div Neh" {rElec rF+ Str+4}
rPois    .         Spirit   .   (helmet restricted)
rElec    +         Reflect  .   K - +2 cloak
rCorr    +         Harm     +   C - +1 pair of gloves
MR       .....                  t - +1 pair of boots {run}
Stlth    +.........             Y - amulet of harm
HPRegen  0.32/turn              U - +1 ring of protection
MPRegen  0.09/turn              f - ring of the Octopus King {rCorr AC+1 EV+1 Str+1 Int+1 Dex+1}

@: drained, quick
A: retaliatory headbutt, horns 2
a: Berserk, Trog's Hand, Brothers in Arms, Renounce Religion


You were on level 15 of the Dungeon.
You worshipped Trog.
Trog was exalted by your worship.
You were not hungry.

You visited 1 branch of the dungeon, and saw 15 of its levels.

You collected 827 gold pieces.
You spent 126 gold pieces at shops.

Inventory:

Hand Weapons
 i - a +4 eveningstar of draining
   (Trog gifted it to you on level 11 of the Dungeon)
 n - a +2 antimagic great mace (weapon)
   (Trog gifted it to you on level 14 of the Dungeon)
 P - a +8 bardiche of protection
   (Trog gifted it to you on level 12 of the Dungeon)
 R - a +4 flail of freezing
   (You took it off a wight on level 8 of the Dungeon)
Missiles
 G - 16 tomahawks (quivered)
Armour
 t - a +1 pair of boots of running (worn)
   (You found it on level 4 of the Dungeon)
 v - the +0 ring mail "Div Neh" (worn) {rElec rF+ Str+4}
   (You found it on level 4 of the Dungeon)

   It affects your strength (+4).
   It protects you from fire.
   It insulates you from electricity.
 C - a +1 pair of gloves (worn)
   (You found it on level 6 of the Dungeon)
 J - a +2 scale mail of cold resistance
   (You took it off Duvessa on level 6 of the Dungeon)
 K - a +2 cloak (worn)
   (You took it off Crazy Yiuf on level 6 of the Dungeon)
Jewellery
 f - a ring of the Octopus King (right hand) {rCorr AC+1 EV+1 Str+1 Int+1 Dex+1}
   (You took it off a crimson imp on level 11 of the Dungeon)

   [ring of resist corrosion]

   It affects your AC (+1).
   It affects your evasion (+1).
   It affects your strength (+1).
   It affects your intelligence (+1).
   It affects your dexterity (+1).
 l - an uncursed ring of protection from cold
   (You found it on level 2 of the Dungeon)
 m - an uncursed amulet of guardian spirit
   (You found it on level 11 of the Dungeon)
 U - a +1 ring of protection (left hand)
   (You found it on level 13 of the Dungeon)
 V - an uncursed ring of ice {unknown}
   (You found it on level 13 of the Dungeon)
 Y - an amulet of harm (around neck)
   (You found it on level 13 of the Dungeon)
 Z - an uncursed ring of ice {unknown}
   (You took it off a tengu warrior on level 14 of the Dungeon)
Wands
 a - a wand of disintegration (12)
   (You took it off Maurice on level 12 of the Dungeon)
 d - a wand of acid (11)
   (You found it on level 11 of the Dungeon)
 y - a wand of iceblast (17)
   (You took it off Ijyb on level 5 of the Dungeon)
 E - a wand of enslavement (15)
   (You took it off an orc wizard on level 6 of the Dungeon)
 N - a wand of random effects (45)
   (You found it on level 7 of the Dungeon)
 S - a wand of clouds (8)
   (You found it on level 9 of the Dungeon)
 W - a wand of flame (23)
   (You found it on level 13 of the Dungeon)
Scrolls
 b - a scroll of fear {unknown}
 g - a scroll of immolation {unknown}
 h - 5 scrolls of remove curse {@r2}
 j - 3 scrolls of enchant armour
 k - 3 scrolls of identify {@r1}
 s - a scroll of acquirement {unknown}
 u - 3 scrolls of magic mapping {unknown}
 w - 2 scrolls of enchant weapon
 x - 6 scrolls of teleportation
 F - a scroll of holy word {unknown}
 H - 2 scrolls of fog {unknown}
 L - a scroll of vulnerability {unknown}
 M - a scroll of noise {unknown}
 O - a scroll of brand weapon {unknown}
 T - 2 scrolls of blinking
Potions
 e - 4 potions of flight
 p - a potion of agility {unknown}
 q - 3 potions of lignification
 r - 7 potions of heal wounds
 A - 4 potions of curing {@q1}
 B - 3 potions of brilliance {unknown}
 D - 2 potions of might
 I - 2 potions of mutation {unknown}
 X - a potion of invisibility {unknown}
Comestibles
 c - 34 rations
 o - 3 chunks of flesh


   Skills:
 + Level 18.5(18.1) Fighting
   Level 5.3(5.0) Long Blades
   Level 7.7(13.8) Axes
 + Level 18.4 Maces & Flails
 - Level 2.4(2.1) Armour
 - Level 2.1(1.9) Dodging


You had 12 spell levels left.
You didn't know any spells.
Your spell library was empty.

Dungeon Overview and Level Annotations

Branches:
Dungeon (15/15)            Temple (0/1) D:7            Lair (0/6) D:11
    Orc (0/2) D:12         Vaults (0/5) D:14         Depths (0/5) D:15

Altars:
Ashenzari
Cheibriados
Dithmenos
Fedhas
Hepliaklqana
Sif Muna
Beogh

Shops:
D:15 ?


Innate Abilities, Weirdness & Mutations

You reflexively headbutt those who attack you in melee.
You have a pair of horns on your head.


Message History

Your headbutt misses the two-headed ogre.
The two-headed ogre is almost dead.
The ogre mage barely misses you.
The two-headed ogre hits you with a giant club!
The two-headed ogre barely misses you.
You barely miss the two-headed ogre.
Your headbutt misses the two-headed ogre.
The two-headed ogre is almost dead.
The ogre mage hits you but does no damage.
The two-headed ogre hits you with a giant club!
* * * LOW HITPOINT WARNING * * *
The two-headed ogre barely misses you.
You sock the two-headed ogre!
You kill the two-headed ogre!
Trog accepts your kill. The ogre mage misses you.
You sock the shadow!
The shadow is almost destroyed.
The ogre mage hits you but does no damage.
The shadow barely misses you.
The ogre mage hits you from afar with a spear.
* * * LOW HITPOINT WARNING * * *
You sock the shadow!
You destroy the shadow!
Trog accepts your kill.
The ogre mage hits you from afar with a spear!
* * * LOW HITPOINT WARNING * * *
The two-headed ogre barely misses you. The two-headed ogre misses you.
The ogre mage barely misses you. You furiously retaliate!
You headbutt the ogre mage!
Items here: ))))) †† You hit the two-headed ogre.
Your headbutt misses the two-headed ogre.
The two-headed ogre is lightly wounded.
The ogre mage gestures at the two-headed ogre while chanting.
The two-headed ogre seems to speed up.
The two-headed ogre misses you. You furiously retaliate!
You headbutt the two-headed ogre.
The two-headed ogre hits you with a giant spiked club!
* * * LOW HITPOINT WARNING * * *
You bludgeon the two-headed ogre!!
The two-headed ogre is almost dead.
The ogre mage hits you with a spear!
* * * LOW HITPOINT WARNING * * *
The ogre mage barely misses you.
The two-headed ogre hits you with a great mace of draining.
* * * LOW HITPOINT WARNING * * *
You feel drained.
* * * LOW HITPOINT WARNING * * *
The two-headed ogre hits you with a giant spiked club!!
You die... ....#.#########...##......
W......................... ........####.###.......... .)....#.####8###..........
OO........................

..........................
......#.O.##∩#.......8....
..... ###O##..............
.... ###@##..#....8......
... #.....8...#.........
## #.#...............P.
####'###.........P.....
#......#...#...P....>..
#.≈≈≈≈.#..##....P..8...
#.≈≈≈≈.#......8...P.8..
#.≈≈≈≈.#...#....8..(..P
#.≈≈≈≈.#..##........)P.


You could see a two-headed ogre and an ogre mage.

Vanquished Creatures
  2 hydras
  2 ogre magi (D:14)
  4 centaur warriors
  12 two-headed ogres
  A vampire mage (D:15)
  A tengu warrior (D:14)
  A spark wasp zombie (D:15)
  A skeletal warrior (D:14)
  3 unseen horrors
  A necromancer (D:14)
  A wolf spider zombie (D:15)
  4 cyclopes
  11 ugly things
  A deep elf mage (D:13)
  Maurice (D:12)
  4 gargoyles
  An efreet (D:15)
  A kobold demonologist (D:12)
  A yaktaur (D:15)
  A redback zombie (D:14)
  A guardian mummy (D:15)
  A yaktaur skeleton (D:15)
  A spriggan skeleton (D:15)
  A queen bee (D:14)
  A tengu conjurer (D:12)
  2 trolls
  3 meliai (D:14)
  A polar bear (shapeshifter) (D:13)
  A wolf spider simulacrum (D:14)
  8 hippogriffs
  2 wyverns
  6 yaks
  3 shadows
  A wraith (D:13)
  2 hungry ghosts
  4 vampire mosquitoes
  A soldier ant (D:14)
  Edmund (D:6)
  Duvessa (D:6)
  3 porcupines (D:11)
  An acid dragon (D:11)
  A human skeleton (D:15)
  2 ice beasts
  6 orc warriors
  3 sky beasts
  An eye of draining (D:14)
  2 hornet zombies
  2 black bears
  A necrophage (D:11)
  4 ogres
  15 centaurs
  4 phantoms
  2 crocodiles
  3 big kobolds
  A gnoll sergeant (D:9)
  15 bullfrogs
  3 wyvern zombies
  4 wyvern skeletons
  Dowan (D:6)
  6 scorpions
  36 killer bees
  13 wights
  6 howler monkeys
  9 crimson imps
  2 bullfrog zombies
  Crazy Yiuf (D:6)
  3 bullfrog skeletons
  8 orc priests
  6 hounds
  6 jellies
  9 centaur skeletons
  Ijyb (D:5)
  4 iguanas
  15 orc wizards
  8 worker ants
  A hound zombie (D:5)
  2 worker ant zombies
  9 adders
  5 gnolls (D:9)
  3 shadow imps
  An ooze (D:8)
  A worm (D:3)
  A dart slug (D:3)
  3 leopard geckos
  57 orcs
  5 bats
  4 giant cockroaches
  5 hobgoblins
  2 jackals (D:9)
  3 quokkas
  A ball python (D:5)
  A frilled lizard (D:3)
  3 goblins (D:3)
  20 kobolds
  A leopard gecko skeleton (D:8)
  A leopard gecko zombie (D:7)
  6 rats
437 creatures vanquished.

Vanquished Creatures (others)
  A sky beast (D:5)
  31 fungi (D:11)
  12 plants (D:11)
  A withered plant (D:15)
45 creatures vanquished.

Grand Total: 482 creatures vanquished

Notes
Turn   | Place    | Note
-------+----------+-------------------------------------------
     0 | D:1      | b5mith the Minotaur Berserker began the quest for the Orb.
     0 | D:1      | Reached XP level 1. HP: 19/19 MP: 0/0
    52 | D:1      | You fall through a shaft!
   123 | D:2      | Reached XP level 2. HP: 27/27 MP: 1/1
   202 | D:2      | Found a snail-covered altar of Cheibriados.
   301 | D:2      | Reached XP level 3. HP: 31/34 MP: 2/2
   317 | D:2      | Reached skill level 5 in Fighting
   317 | D:2      | Reached skill level 5 in Long Blades
   317 | D:2      | Reached XP level 4. HP: 8/42 MP: 3/3
   322 | D:2      | HP: 3/63 [orc wizard/magic dart (6)]
   323 | D:2      | Reached ** piety under Trog
   928 | D:3      | Reached skill level 1 in Axes
   952 | D:3      | Reached XP level 5. HP: 43/48 MP: 4/4
  1205 | D:3      | Found a shadowy altar of Dithmenos.
  1352 | D:4      | Reached XP level 6. HP: 55/57 MP: 5/5
  1372 | D:4      | Identified a +1 pair of boots of running (You found it on
                  | level 4 of the Dungeon)
  1389 | D:4      | Got a crude ring mail
  1400 | D:4      | Identified the cursed +0 ring mail "Div Neh" {rElec rF+
                  | Str+4} (You found it on level 4 of the Dungeon)
  1464 | D:4      | Found a hazy altar of Hepliaklqana.
  1578 | D:4      | Found a shattered altar of Ashenzari.
  1680 | D:5      | Entered Level 5 of the Dungeon
  1780 | D:5      | Noticed a sky beast
  1786 | D:5      | Killed a sky beast
  1786 | D:5      | Reached skill level 5 in Axes
  1791 | D:5      | Reached XP level 7. HP: 45/64 MP: 6/6
  1918 | D:5      | Found a blossoming altar of Fedhas.
  1933 | D:5      | Noticed Ijyb
  1946 | D:5      | Killed Ijyb
  2020 | D:5      | Reached *** piety under Trog
  2379 | D:6      | Noticed a hippogriff
  2379 | D:6      | Noticed Edmund
  2391 | D:6      | Killed a hippogriff
  2398 | D:6      | Killed Edmund
  2398 | D:6      | Reached XP level 8. HP: 45/74 MP: 7/7
  2614 | D:6      | Reached skill level 1 in Maces & Flails
  3224 | D:6      | Noticed Duvessa
  3241 | D:6      | Noticed Dowan
  3261 | D:6      | Killed Dowan
  3261 | D:6      | Reached skill level 5 in Maces & Flails
  3514 | D:6      | Found a runed door.
  3596 | D:6      | Killed Duvessa
  4249 | D:6      | Noticed Crazy Yiuf
  4253 | D:6      | Killed Crazy Yiuf
  4503 | D:7      | Reached XP level 9. HP: 83/83 MP: 8/8
  4511 | D:7      | Reached **** piety under Trog
  4578 | D:7      | Found a staircase to the Ecumenical Temple.
  4985 | D:7      | Reached skill level 10 in Fighting
  5341 | D:8      | Reached skill level 10 in Maces & Flails
  5628 | D:8      | Reached XP level 10. HP: 78/94 MP: 9/9
  5641 | D:8      | Reached ***** piety under Trog
  7108 | D:10     | Entered Level 10 of the Dungeon
  8012 | D:11     | Found a deep blue altar of Sif Muna.
  8091 | D:11     | Noticed a two-headed ogre
  8112 | D:11     | Killed a two-headed ogre
  8377 | D:11     | Found a staircase to the Lair.
  8384 | D:11     | Noticed a gargoyle
  8391 | D:11     | Killed a gargoyle
  8391 | D:11     | Reached XP level 11. HP: 51/106 MP: 10/10
  8567 | D:11     | Reached ****** piety under Trog
  8603 | D:11     | Received a gift from Trog
  8610 | D:11     | Got a ring of the Octopus King
  8611 | D:11     | Identified a ring of the Octopus King {rCorr AC+1 EV+1
                  | Str+1 Int+1 Dex+1} (You took it off a crimson imp on level
                  | 11 of the Dungeon)
  8721 | D:11     | Noticed a brown ugly thing
  8728 | D:11     | Killed a brown ugly thing
  8971 | D:12     | Killed an unseen horror
  9335 | D:12     | Found a staircase to the Orcish Mines.
  9343 | D:12     | Found a roughly hewn altar of Beogh.
  9380 | D:12     | Killed an unseen horror
  9602 | D:12     | Noticed a purple ugly thing
  9606 | D:12     | Killed a purple ugly thing
  9719 | D:12     | Noticed a two-headed ogre
  9726 | D:12     | Killed a two-headed ogre
 10085 | D:12     | Found a hazy altar of Hepliaklqana.
 10168 | D:13     | Noticed Maurice
 10174 | D:13     | Noticed a centaur warrior
 10198 | D:12     | Killed Maurice
 10198 | D:12     | Received a gift from Trog
 10577 | D:12     | Reached XP level 12. HP: 63/118 MP: 6/11
 10794 | D:13     | Reached skill level 15 in Fighting
 10796 | D:13     | Killed a centaur warrior
 10796 | D:13     | Reached skill level 15 in Maces & Flails
 11041 | D:13     | Noticed a centaur warrior
 11049 | D:13     | Killed a centaur warrior
 11436 | D:13     | Noticed a centaur warrior
 11446 | D:13     | Killed a centaur warrior
 11822 | D:14     | Received a gift from Trog
 12249 | D:14     | Noticed a six-headed hydra
 12254 | D:14     | Killed a six-headed hydra
 12638 | D:14     | Reached XP level 13. HP: 32/130 MP: 12/12
 13496 | D:14     | Found a gate to the Vaults.
 13588 | D:15     | Entered Level 15 of the Dungeon
 14781 | D:15     | Found a staircase to the Depths.
 15165 | D:15     | Found Lis Sudi's Magic Scroll Boutique.
 15174 | D:15     | Bought a scroll of teleportation for 36 gold pieces
 15174 | D:15     | Bought a scroll of blinking for 90 gold pieces
 15220 | D:15     | Mangled by a two-headed ogre

Vault maps used:
D:1:      lightli_arrival_flooded_house
D:2:      lemuel_crystal_altar
D:3:      grunt_dithmenos_smoke_and_mirrors
D:4:      cheibrodos_ashenzari_chains, old_standard_altar, first_ration,
          eino_tiny_chamber, corexii_leaking_fountain
D:5:      basic_altar, uniq_ijyb
D:6:      uniq_edmund, uniq_duvessa, uniq_crazy_yiuf_cottage
D:7:      temple_pool_b
D:11:     due_lair_maze_entry_diamond, basic_altar
D:12:     minmay_orc_entry_temple_small, basic_altar, grunt_tengu_nest
D:13:     uniq_maurice
D:14:     david_vaults_2, grunt_decor_one_mirror
D:15:     gammafunk_depths_entry_grave, minmay_crystal_room, serial_shops,
          shop_statue, nrook_pool_corridor

Skill      XL: |  1  2  3  4  5  6  7  8  9 10 11 12 13 |
---------------+----------------------------------------+-----
Fighting       | 4 5 6 7 9 10 12 14 16 18 | 18.5
Long Blades    | 4 5 |  5.3
Axes           | 1 3 5 7 |  7.7
Maces & Flails | 6 10 12 14 16 18 | 18.4
Armour         | |  2.4
Dodging        | |  2.1

Action                   |  1- 3 |  4- 6 |  7- 9 | 10-12 | 13-15 || total
-------------------------+-------+-------+-------+-------+-------++-------
Melee: Mace              |     6 |       |       |       |       ||     6
       Falchion          |    27 |     4 |       |       |       ||    31
       Headbutt          |     5 |    19 |    45 |   125 |    38 ||   232
       Hand axe          |       |    78 |    44 |       |       ||   122
       Flail             |       |       |   185 |   207 |       ||   392
       Eveningstar       |       |       |       |   317 |    49 ||   366
       Great mace        |       |       |       |       |    88 ||    88
Invok: Berserk           |     1 |       |     2 |     4 |     1 ||     8
  Use: Scroll            |       |     1 |     2 |     7 |     2 ||    12
  Eat: Chunk             |       |     4 |     9 |    22 |     2 ||    37
       Ration            |       |       |     2 |     1 |     2 ||     5
Armor: Animal skin       |    11 |       |       |       |       ||    11
       Chain mail        |       |    35 |       |       |       ||    35
       Ring mail         |       |     3 |    71 |   230 |    53 ||   357
Dodge: Dodged            |    24 |    32 |   106 |   317 |    77 ||   556
       Rpst.: Falchion   |     5 |     2 |       |       |       ||     7

Table legend:
 A = Non-vault XP
 B = Vault XP
 C = Vault XP percentage of total XP
 D = Non-vault monster count
 E = Vault monster count
 F = Vault count percentage of total count
                 A         B        C        D         E       F
            +---------+---------+-------+---------+---------+-------
      Total |   52464 |   11960 |  18.6 |     376 |      62 |  14.2
            +---------+---------+-------+---------+---------+-------
        D:1 |       2 |       0 |   0.0 |       1 |       0 |   0.0
        D:2 |     167 |       0 |   0.0 |      20 |       0 |   0.0
        D:3 |      95 |       0 |   0.0 |      23 |       0 |   0.0
        D:4 |     324 |       0 |   0.0 |       9 |       0 |   0.0
        D:5 |     424 |      36 |   7.8 |      19 |       1 |   5.0
        D:6 |     953 |     432 |  31.2 |      20 |       4 |  16.7
        D:7 |    1818 |       0 |   0.0 |      30 |       0 |   0.0
        D:8 |    1381 |       0 |   0.0 |      22 |       0 |   0.0
        D:9 |    1852 |       0 |   0.0 |      42 |       0 |   0.0
       D:10 |    1031 |       0 |   0.0 |      23 |       0 |   0.0
       D:11 |    3396 |     994 |  22.6 |      26 |       9 |  25.7
       D:12 |    8538 |     985 |  10.3 |      54 |      10 |  15.6
       D:13 |    8318 |       0 |   0.0 |      29 |       0 |   0.0
       D:14 |   15310 |    6713 |  30.5 |      33 |      32 |  49.2
       D:15 |    8855 |    2800 |  24.0 |      25 |       6 |  19.4
            +---------+---------+-------+---------+---------+-------
